[Event "5th Baskent University Open 2022"]
[Site "Ankara"]
[Date "2022.07.05"]
[Round "6.24"]
[White "Tarim, Metehan"]
[Black "Saka, Omer"]
[Result "0-1"]
[ECO "C04"]
[WhiteElo "1536"]
[BlackElo "1832"]
[Annotator "NA RC COMBH"]
[PlyCount "144"]
[EventDate "2022.07.02"]
[EventType "swiss"]
[EventCountry "TUR"]
[SourceTitle "playchess.com"]
[Source "ChessBase"]
[SourceQuality "1"]
[TimeControl "5400+30"]

1. e4 e6 2. d4 d5 3. Nd2 Nc6 4. Ngf3 Nf6 5. e5 Nd7 6. Nb3 Be7 7. c3 f6 8. Bb5 O-O 9. exf6 Bxf6 10. O-O a5 11. Re1 a4 12. Nbd2 Nb6 13. Nf1 $16 Bd7 14. Ne3 Qe8 15. Ng4 Qh5 16. Nfe5 Qe8 17. Bxc6 (17. Nxd7 $16 Qxd7 18. Qe2) 17... Bxc6 18. Nxf6+ Rxf6 19. Bg5 Rf5 20. Qg4 Nc4 21. Bh6 g6 22. Nd3 Qf7 23. b3 Nd6 24. Ne5 Qf6 25. f3 g5 26. Qh3 Nf7 27. Ng4 Qg6 28. bxa4 Re8 29. g3 Rf6 30. f4 Nxh6 31. Nxf6+ Qxf6 32. fxg5 Qxg5 33. Rxe6 Ng4 34. Rxe8+ Bxe8 35. Re1 Bg6 36. Qh4 Qxh4 37. gxh4 Be4 38. c4 Nf6 39. cxd5 Kf7 40. Kf2 Bxd5 41. a3 Be4 42. Kg3 Ke6 43. Kf4 Kd5 44. Kg5 Ne8 45. h5 Kxd4 46. h6 c5 47. Rd1+ Bd3 48. Re1 Nd6 49. Kf6 c4 50. Re6 Ne4+ 51. Kg7 Nc5 52. Rd6+ Kc3 53. a5 Kb2 54. Rd5 c3 55. Rxc5 c2 56. Rd5 c1=Q 57. Rxd3 Qg5+ 58. Kxh7 Qf5+ 59. Kg7 Qxd3 60. h7 Qd7+ 61. Kg8 Qe8+ 62. Kg7 Qe5+ 63. Kg8 Qxh2 64. h8=Q+ Qxh8+ 65. Kxh8 Kxa3 66. Kg7 Kb4 67. Kf6 Kxa5 68. Ke5 Kb4 69. Kd4 b5 70. Kd3 Kb3 71. Kd2 b4 72. Kd1 Ka2 0-1

[Event "5th Baskent University Open 2022"]
[Site "Ankara"]
[Date "2022.07.06"]
[Round "7.1"]
[White "Rasulov, Vugar"]
[Black "Eynullayev, Atilla"]
[Result "1-0"]
[ECO "D61"]
[WhiteElo "2458"]
[BlackElo "2333"]
[Annotator "TA"]
[PlyCount "105"]
[EventDate "2022.07.02"]
[EventType "swiss"]
[EventCountry "TUR"]
[SourceTitle "playchess.com"]
[Source "ChessBase"]
[SourceQuality "1"]
[TimeControl "5400+30"]

1. d4 Nf6 2. c4 e6 3. Nf3 d5 4. Bg5 Be7 5. Nc3 O-O 6. e3 h6 7. Bh4 Nbd7 8. Qc2 c5 9. dxc5 {[%emt 0:01:30] D61: Queen's Gambit Declined: Classical: 7 Qc2.} Nxc5 10. Be2 dxc4 {[%emt 0:01:30] [#] With the idea ...Nd3+.} 11. O-O $146 {[%emt 0:01:30] The position is equal.} ({Predecessor:} 11. Bxc4 Bd7 12. O-O Rc8 13. Rfd1 Qc7 14. Rd4 Bc6 15. Rad1 Rfd8 16. Rxd8+ Rxd8 17. Rxd8+ Qxd8 {½-½ (30) Nabaty,T (2638)-Bykhovsky,A (2496) Israel 2021}) 11... a6 12. Rfd1 Qe8 13. Ne5 g5 (13... b5 $5 ) 14. Bg3 b5 15. Bf3 Bb7 16. Bxb7 Nxb7 17. a4 $36 {[%emt 0:00:00][%mdl 2048] White is more active.} Na5 18. axb5 axb5 19. h4 Kg7 20. hxg5 hxg5 21. Nf3 g4 22. Nd4 Nc6 23. Rxa8 (23. Ncxb5 $14 {is more appropriate.} Rxa1 24. Rxa1) 23... Qxa8 $11 24. Ncxb5 {[%emt 0:00:30][%cal Od4e6] Black must now prevent Nxe6+!} Nxd4 25. Nxd4 Qd5 26. Ne2 Qe4 27. Qc3 Rd8 28. Rc1 Rd3 29. Qe5 Rd5 30. Qxe4 Nxe4 31. Rxc4 Nxg3 (31... Rd1+ $11 {feels stronger.} 32. Kh2 Nxf2 33. Bxf2 Rd2) 32. Rxg4+ $14 Kf8 33. Nxg3 {[%emt 0:00:30][%mdl 4096] Endgame KRB-KRN} Rb5 34. Rc4 Rxb2 35. Rc8+ Kg7 36. Nh5+ Kh7 37. g3 Rb7 38. Kg2 Kg6 39. g4 Kh7 40. Re8 e5 {[%emt 0:01:40] [#]} (40... f5 $16) 41. Kf3 $1 $18 f6 42. Ke4 Kg6 43. Rg8+ Kf7 44. Rg7+ Ke6 {[%emt 0:00:30] [#]} 45. Rh7 ({Better is} 45. f4 $1 $18 ) 45... Rb4+ $16 46. Kf3 {[%emt 0:00:00] And now Ng7+ would win.} Bc5 $2 (46... Bd8 $16 47. Rh6 Kf7) 47. Rc7 (47. Rh6 $142) 47... Bd6 (47... Be7 $142 48. Ng7+ Kd6 49. Ne8+ Ke6 50. Ng7+ Kd6 51. Ne8+ Ke6 52. Ng7+) 48. Ng7+ (48. Rc6 $142) 48... Kd5 $18 49. Rd7 {[%emt 0:00:00] aiming for Nf5.} e4+ 50. Kg2 {[%emt 0:00:00] Hoping for Nf5.} Ke5 (50... Kc6 $16 {keeps fighting.} 51. Ra7 Be5 52. Ra6+ Rb6) 51. Ne8 Bc5 52. Rc7 Bb6 (52... Rc4 53. Rc6 Kd5) 53. Re7+ {[%emt 0:00:30] Weighted Error Value: White=0.14 (very precise) /Black=0.34} 1-0

[Event "5th Baskent University Open 2022"]
[Site "Ankara"]
[Date "2022.07.06"]
[Round "7.2"]
[White "Annaberdiev, Meilis"]
[Black "Gunduz, Umut Erdem"]
[Result "0-1"]
[ECO "C68"]
[WhiteElo "2484"]
[BlackElo "2368"]
[Annotator "TA"]
[PlyCount "52"]
[EventDate "2022.07.02"]
[EventType "swiss"]
[EventCountry "TUR"]
[SourceTitle "playchess.com"]
[Source "ChessBase"]
[SourceQuality "1"]
[TimeControl "5400+30"]

1. e4 e5 2. Nf3 Nc6 3. Bb5 a6 4. Bxc6 dxc6 5. O-O Qf6 6. d3 {[%emt 0:03:00] C68: Ruy Lopez: Exchange Variation, sidelines.} Ne7 7. Bg5 Qe6 8. Be3 {[%emt 0:00:30] The position is equal.} f6 9. d4 exd4 {[%emt 0:05:30] [#]} 10. Nxd4 $146 (10. Qxd4 $11 Ng6 11. Nbd2 (11. Rd1 Bd6 $11)) ({Predecessor:} 10. Qxd4 Ng6 11. Nbd2 Bd6 12. Qc3 O-O 13. Nd4 Qf7 14. Nc4 c5 15. Nf5 Bxf5 16. exf5 Ne7 17. Nxd6 cxd6 18. Qd3 c4 19. Qe4 d5 {½-½ (19) Oskulski,P (2275)-Jones,K (2265) ICCF email 2015}) 10... Qxe4 $15 11. Nc3 Qg4 ({Better is} 11... Qg6 $15) 12. f3 $11 Qg6 13. Qe2 {[%emt 0:12:30] [#] Bf4 is the strong threat.} Bd7 14. Bf4 (14. Bf2 $11 {remains equal.}) 14... O-O-O $17 15. Ne6 Re8 ({Black should play} 15... Bxe6 $17 16. Qxe6+ Kb8) 16. Nxc7 $2 {[%emt 0:00:30][%mdl 8192] This move loses the game for White.} (16. Nxf8 $15 Rhxf8 17. Qd2) 16... Nd5 $1 $19 17. Qd2 (17. Nxe8 $2 Nxf4 18. Qd2 Bc5+ 19. Kh1 Be3 20. Nd6+ Kb8 $19) 17... Nxf4 (17... Bc5+ $2 18. Kh1 Nxc7 19. Na4 $19) 18. Qxf4 ({Don't go for} 18. Nxe8 $2 Bc5+ 19. Kh1 Be3 20. Nd6+ Kb8 $19) 18... Re5 ({But not} 18... Qxc2 19. Nxe8 Bc5+ 20. Kh1 Rxe8 21. Ne4 $18) 19. Na8 $2 {[%emt 0:01:30] [#]} (19. Nxa6 bxa6 20. Qa4) 19... Bc5+ {[%emt 0:02:30][%cal Bf8c5,Bc5a7,Ba7b8][%mdl 32] Black is clearly winning.} 20. Kh1 Kb8 21. Rad1 Bc8 {[%emt 0:00:30] Threatens to win with ...Be3.} ({Not} 21... Kxa8 22. Rxd7 Qxc2 23. Qd2 Qxd2 24. Rxd2 $17) 22. Rfe1 Kxa8 23. Rxe5 fxe5 24. Qxe5 Ba7 25. Ne4 Re8 26. Qc3 Bb8 {[%emt 0:01:30] Weighted Error Value: White=0.57/Black=0.18 (very precise)} 0-1

[Event "5th Baskent University Open 2022"]
[Site "Ankara"]
[Date "2022.07.06"]
[Round "7.4"]
[White "Dedebas, Emre Emin"]
[Black "Ozsoy, Alimert"]
[Result "1/2-1/2"]
[ECO "C68"]
[WhiteElo "2321"]
[BlackElo "2263"]
[Annotator "TA"]
[PlyCount "36"]
[EventDate "2022.07.02"]
[EventType "swiss"]
[EventCountry "TUR"]
[SourceTitle "playchess.com"]
[Source "ChessBase"]
[SourceQuality "1"]
[TimeControl "5400+30"]

1. e4 e5 2. Nf3 Nc6 3. Bb5 a6 4. Bxc6 dxc6 5. O-O Qf6 6. d4 exd4 7. Qxd4 Qxd4 8. Nxd4 Bd7 9. Nc3 O-O-O 10. Be3 f6 11. Rad1 {[%emt 0:00:00] C68: Ruy Lopez: Exchange Variation, sidelines.} Bd6 {[%emt 0:00:00] [#] An uneventful encounter.} {Predecessor:} 12. Nde2 $146 Ne7 13. f3 Be6 14. f4 b6 15. f5 Bf7 16. Kf2 Rhe8 17. h3 Kb7 18. g4 Nc8 {½-½ (49) Moya Quintero,M (1932)-Struzka,V (2215) ICCF email 2014} 1/2-1/2

[Event "5th Baskent University Open 2022"]
[Site "Ankara"]
[Date "2022.07.06"]
[Round "7.5"]
[White "Ozer, Omer Faruk"]
[Black "Huseyinoglu, Alihan"]
[Result "1/2-1/2"]
[ECO "B30"]
[WhiteElo "2317"]
[BlackElo "2213"]
[Annotator "TA"]
[PlyCount "67"]
[EventDate "2022.07.02"]
[EventType "swiss"]
[EventCountry "TUR"]
[SourceTitle "playchess.com"]
[Source "ChessBase"]
[SourceQuality "1"]
[TimeControl "5400+30"]

1. e4 c5 2. Nf3 Nc6 3. Bb5 e6 4. O-O Nge7 5. Re1 a6 6. Bf1 d5 7. exd5 Nxd5 8. d4 Nf6 9. Be3 Be7 {[%emt 0:02:30] B30: Sicilian: 2...Nc6 3 Bb5, lines without ...g6.} 10. c4 O-O 11. Nc3 cxd4 12. Nxd4 Bd7 {[%emt 0:00:30] 12...Bd7 has become a bit dusty these days.} 13. Nb3 Ne5 14. h3 Rc8 15. Qd4 Nc6 {[%emt 0:09:30] [#]} 16. Qb6 $146 ({Predecessor:} 16. Qd2 Ne5 17. c5 Bc6 18. Rad1 Qxd2 19. Rxd2 Rfd8 20. Na5 Rxd2 21. Bxd2 Rd8 22. Be3 {1-0 (57) Plenca,J (2477)-Sveshnikov,E (2496) Bled 2018}) 16... Qxb6 17. Bxb6 Bd8 18. Bxd8 Rfxd8 19. Nc5 Rc7 20. Red1 Kf8 21. a3 Bc8 22. N3a4 Rxd1 23. Rxd1 Ne5 24. b4 {[%emt 0:02:00] Threatens to win with Nb6.} Ned7 {[%emt 0:05:29] Against Nb6} 25. Nb3 b6 26. g4 h6 {[%emt 0:03:33] The position is equal.} 27. Rc1 Ke7 28. c5 bxc5 29. Naxc5 Nxc5 30. Rxc5 Nd5 31. Kh2 g5 32. Bc4 Kd6 33. Kg3 Nc3 {[%emt 0:01:42] [#] ...Ne4+ is the strong threat.} 34. Bd3 {[%emt 0:01:16] Prevents Ne4+.  Weighted Error Value: White=0.07 (flawless) /Black=0.06 (flawless)} 1/2-1/2

[Event "5th Baskent University Open 2022"]
[Site "Ankara"]
[Date "2022.07.06"]
[Round "7.6"]
[White "Tarhan, Adar"]
[Black "Caputcuoglu, Zeki Berke"]
[Result "0-1"]
[ECO "C04"]
[WhiteElo "2201"]
[BlackElo "2203"]
[Annotator "TA"]
[PlyCount "64"]
[EventDate "2022.07.02"]
[EventType "swiss"]
[EventCountry "TUR"]
[SourceTitle "playchess.com"]
[Source "ChessBase"]
[SourceQuality "1"]
[TimeControl "5400+30"]

1. e4 e6 2. d4 d5 3. Nd2 Nc6 4. Ngf3 Nf6 5. e5 Nd7 6. c3 f6 7. Nh4 {[%emt 0:07:30] C04: French Tarrasch: 3...Nc6.} Qe7 8. f4 (8. exf6 $11 Qxf6 9. Ndf3) 8... fxe5 $17 {[%emt 0:03:30] [#]} 9. Ndf3 $146 {[%emt 0:04:30][%cal Rf4e5] [#] Black is clearly better.} ({Predecessor:} 9. Qh5+ g6 10. Nxg6 Qf7 11. fxe5 Qxg6 12. Qxg6+ hxg6 13. Bd3 Rg8 14. Nf3 Be7 15. Ng5 {0-1 (40) Young,Z (2077)-Formanek,E (2286) Philadelphia 2006}) 9... e4 10. Ng5 Nf6 {[%emt 0:00:30] Prevents Qh5+.} 11. Be2 g6 12. Be3 Bg7 13. Qd2 Bd7 14. O-O-O Na5 15. g4 O-O-O 16. Rdf1 Ne8 17. f5 Nd6 18. b3 {[%emt 0:02:30] Against Nac4} (18. Nxe6 $17 Bxe6 19. Bg5) 18... exf5 19. c4 $2 (19. gxf5 Nxf5 20. Nxf5 Bxf5 21. h4) 19... Nc6 $19 20. cxd5 {[%emt 0:04:30] [#]} (20. c5 $142 Ne8 21. Ng2) 20... Nxd4 $1 21. gxf5 (21. Bxd4 Bxd4) 21... Nxe2+ 22. Qxe2 gxf5 {[%emt 0:00:30] aiming for ...Nb5.} 23. Qc2 Bf6 24. Rhg1 Rhg8 25. Qc5 Bxg5 26. Rxg5 Rxg5 27. Qxa7 Bb5 28. Rf2 Rg1+ 29. Kb2 Qxh4 (29... Nc4+ $142 30. Kc2 Nxe3+ 31. Qxe3 Qxh4 32. Re2 Bd3+ 33. Kd2 Rb1 34. Qg3 Rb2+ 35. Kc3 Qf6+ 36. Kb4 Qd4+ 37. Ka3 Rxe2 38. Qxd3 exd3 39. h3 Rxd5 40. b4 Qc3+ 41. Ka4 Rxa2#) 30. Rc2 {[%emt 0:00:00] Black is clearly winning.} Rg6 {[%emt 0:00:30] ...Bd3 is the strong threat.} 31. Bf2 Qe7 {[%emt 0:01:30] Strongly threatening ...Bd3.} 32. Bb6 {[%emt 0:01:15] [#]} Nc4+ $1 {[%emt 0:00:30] White got outplayed after the opening.  Weighted Error Value: White=1.10/Black=0.33} 0-1

[Event "5th Baskent University Open 2022"]
[Site "Ankara"]
[Date "2022.07.06"]
[Round "7.7"]
[White "Koksal, Ege"]
[Black "Aliyev, Elnur"]
[Result "0-1"]
[ECO "E92"]
[WhiteElo "2356"]
[BlackElo "2142"]
[Annotator "TA"]
[PlyCount "123"]
[EventDate "2022.07.02"]
[EventType "swiss"]
[EventCountry "TUR"]
[SourceTitle "playchess.com"]
[Source "ChessBase"]
[SourceQuality "1"]
[TimeControl "5400+30"]

1. d4 Nf6 2. Nf3 g6 3. c4 Bg7 4. Nc3 O-O 5. e4 d6 6. Be2 e5 7. d5 a5 8. Be3 Na6 9. Nd2 Nd7 {[%emt 0:07:30] E92: King's Indian: Classical: 6 Be2 e5: 7 dxe5, 7 Be3 and Petrosian System without 7...Nbd7.} 10. g4 {[%emt 0:00:30] [#]} f5 $146 ({Predecessor:} 10... Ndc5 11. Rg1 Kh8 12. h4 f5 13. g5 Kg8 14. a3 f4 15. Bxc5 Nxc5 16. b4 axb4 17. axb4 Rxa1 18. Qxa1 {1-0 (31) Hillarp Persson,T (2546)-Akash Pc,I (2441) London 2018}) 11. exf5 gxf5 {[%emt 0:00:30] White is slightly better.} 12. gxf5 Ndc5 13. f6 (13. Bg4 $1 $14) 13... Qxf6 $17 14. Nde4 Nxe4 15. Nxe4 Qh4 16. Ng3 Bh6 $1 17. Qd2 Bxe3 18. fxe3 Nc5 19. O-O-O a4 20. Qc2 Kh8 21. Bd3 (21. Kb1 $17) 21... Bg4 $19 22. Rd2 Rf3 {[%emt 0:04:30] ...Rxg3 is the strong threat.} 23. Re1 Qh6 24. Rde2 Raf8 {[%emt 0:02:30][%cal Of3f2] Inhibits Bf5. And now ...Rf2! would win.} 25. Qd2 $2 {[%emt 0:00:30] [#]} (25. Be4 R3f7 26. Rd2) 25... R3f7 (25... Rf2 $142 $3 26. Rxf2 Rxf2) 26. Rg2 $2 {[%emt 0:00:30] [#]} (26. Bc2 Bxe2 27. Rxe2) 26... Bh3 $2 (26... Rf2 $3 27. Rxf2 Rxf2) 27. Rge2 Bf1 (27... Qh4 $19 {Threatens to win with ...Bg4.} 28. Kb1 Bg4) 28. Nxf1 $15 Rxf1 29. Bc2 {[%emt 0:00:30] [#]} Qh4 $1 30. b4 Ne4 {[%emt 0:05:30] 0x0.001e6e5170aedp-1022s more active pieces. The white rooks are badly placed.} ({Don't do} 30... Qxc4 31. bxc5 Qxc5 32. Rxf1 Rxf1+ 33. Re1 $18) 31. Bxe4 Qxe4 32. Qc2 Rxe1+ 33. Rxe1 Qxc2+ 34. Kxc2 $17 {[%emt 0:00:25][%mdl 4096] Endgame KR-KR} Rf2+ 35. Kc3 Rxa2 {[%emt 0:00:30] White must now prevent ...Ra3+.} 36. c5 a3 ({Of course not} 36... Rxh2 $6 37. Ra1 $15) 37. Kb3 Rd2 38. Kxa3 Rxd5 39. cxd6 Rxd6 40. b5 $1 Kg7 41. Kb4 Kf6 42. Rc1 Rd7 43. Rc4 (43. e4 $1 $15 {is superior.}) 43... Kf5 44. Rh4 Kg5 45. Re4 Rd5 ({Black should play} 45... Re7 $1 $15) 46. Rc4 $11 c6 47. bxc6 bxc6 48. Rxc6 Rd3 49. Rc3 Rd2 50. h4+ Kxh4 51. Rc5 e4 52. Re5 h5 {[%emt 0:00:21][%cal Bh7h5,Bh5h4][%mdl 32] Hoping for ...Rc2.} 53. Rxe4+ Kg3 {[%emt 0:00:01] Strongly threatening ...h4.} 54. Kc3 Rd5 {[%emt 0:00:30] ( -> ...h4)} 55. Re8 $2 {[%emt 0:00:17][%mdl 8192] Now White is beyond hope.} (55. Rb4 $15) 55... h4 {[%emt 0:00:33] Black mates.} 56. Rh8 h3 57. e4 Rg5 58. Kd4 h2 59. Rxh2 Kxh2 60. e5 Kg3 61. Ke4 Kg4 62. e6 {[%emt 0:00:01] Weighted Error Value: White=0.41/Black=0.23 (precise)} 0-1

[Event "5th Baskent University Open 2022"]
[Site "Ankara"]
[Date "2022.07.06"]
[Round "7.8"]
[White "Sevgi, Volkan"]
[Black "Maruflu, Enes Yusuf"]
[Result "1-0"]
[ECO "C47"]
[WhiteElo "2305"]
[BlackElo "2046"]
[Annotator "TA"]
[PlyCount "127"]
[EventDate "2022.07.02"]
[EventType "swiss"]
[EventCountry "TUR"]
[SourceTitle "playchess.com"]
[Source "ChessBase"]
[SourceQuality "1"]
[TimeControl "5400+30"]

1. e4 e5 2. Nf3 Nc6 3. Nc3 Nf6 4. g3 d5 5. exd5 Nxd5 6. Bg2 Nxc3 7. bxc3 Bc5 8. O-O O-O 9. Re1 Qf6 {[%emt 0:01:00] C47: Scotch Four Knights and Four Knights with 4 g3.} 10. d3 Bb6 11. a4 {[%emt 0:03:30] [#]} Bf5 $146 {[%emt 0:05:30][%cal Oe5e4] The position is equal.} ({Predecessor:} 11... h6 12. Qe2 Re8 13. Nd2 Bg4 14. Qf1 Rad8 15. Nc4 Bf3 16. Bxf3 Qxf3 17. Qg2 Qxg2+ 18. Kxg2 {1-0 (57) Pridorozhni,A (2514)-Ganguly,S (2613) St Petersburg 2014}) 12. Bg5 Qd6 13. Be3 (13. a5 $16 Bc5 14. d4 exd4 15. Nxd4 Bxd4 16. cxd4) 13... Rad8 (13... Ba5 $5 ) 14. Nd2 Bxe3 15. Rxe3 Qc5 16. c4 Rfe8 17. Rb1 b6 18. Rb5 Qd6 19. Bxc6 Qxc6 20. Rbxe5 Rxe5 21. Rxe5 Bh3 22. Ne4 Qxa4 (22... h6 $5 ) 23. Nc3 $36 {[%emt 0:01:30][%mdl 2048] Black is under pressure.} Qa3 24. Nd5 Qd6 25. Qe2 {[%emt 0:04:30] aiming for Re8+.} Bd7 {[%emt 0:02:30] Inhibits Re8+.} 26. d4 Kf8 27. Qe4 Qg6 28. Qe3 (28. Nxc7 $2 Qxe4 29. Rxe4 Rc8 $17) 28... c6 (28... Qd6 $11) 29. Qa3+ $18 ({Stronger than} 29. Rg5 Qd6 30. Rxg7 Kxg7 $11) 29... c5 30. dxc5 {[%emt 0:00:30] Intending c6+ and mate.} Bc6 31. cxb6+ (31. Qxa7 $142 {Qe7+ would kill now.} Qf6 32. Qxb6) 31... Qd6 32. Qxd6+ Rxd6 33. bxa7 {[%emt 0:00:00][%mdl 4096] Endgame KRB-KRN} Rd7 {[%emt 0:00:00][%cal Bd6d7,Bd7a7,Ba7a3,Ba3c3][%mdl 32] Inhibits Re7.} 34. f4 Rxa7 35. Nb4 Be8 36. c5 (36. Kf2 $18) 36... Ra3 $16 37. Nd5 {[%emt 0:06:16] Inhibits Rc3.} Bc6 (37... Ra5 $142) 38. Ne7 (38. Kf2 $142) 38... Be8 {[%emt 0:01:30] [#]} 39. Nf5 $1 Bd7 {[%emt 0:00:30] [#]} (39... g6 $16) 40. Nd4 $1 $18 Rc3 (40... Ra4 {keeps fighting.}) 41. Kf2 f6 42. Rd5 Ke8 (42... Ke7 {is a better defense.} 43. Ke1 Be6) 43. Ke2 {[%emt 0:00:13] Kd2 is the strong threat.} Bc8 44. Kd2 Rc4 45. Nb5 {[%emt 0:00:30] And now Nd6+ would win.} Be6 46. Nd6+ Ke7 47. Nxc4 Bxd5 {[%emt 0:00:30] KB-KN} 48. Ne3 Bh1 49. Kd3 Kd7 50. Kd4 Kc6 (50... Bf3 $142 51. Nf5 g6) 51. Nf5 g5 52. fxg5 fxg5 53. Ne7+ Kd7 54. Nd5 Kc6 55. c4 {[%emt 0:00:07] Hoping for Nf6.} h5 56. Nb4+ {[%emt 0:00:30] White mates.} Kc7 57. Ke5 Bf3 58. Kf5 g4 59. Kg5 Kd7 60. Kxh5 Ke6 61. Nd5 Kd7 62. Ne3 Kc6 63. Nxg4 Kxc5 64. Kg5 {[%emt 0:00:00] Weighted Error Value: White=0.23 (precise) /Black=0.44} 1-0

[Event "5th Baskent University Open 2022"]
[Site "Ankara"]
[Date "2022.07.06"]
[Round "7.9"]
[White "Makaraci, Tunahan"]
[Black "Akbas, Umut Ata"]
[Result "1-0"]
[ECO "B86"]
[WhiteElo "2130"]
[BlackElo "2298"]
[Annotator "TA"]
[PlyCount "61"]
[EventDate "2022.07.02"]
[EventType "swiss"]
[EventCountry "TUR"]
[SourceTitle "playchess.com"]
[Source "ChessBase"]
[SourceQuality "1"]
[TimeControl "5400+30"]

1. e4 c5 2. Nf3 d6 3. d4 cxd4 4. Nxd4 Nf6 5. Nc3 a6 6. Bc4 e6 7. Bb3 Nbd7 8. f4 Nc5 9. e5 dxe5 10. fxe5 Nfd7 11. Bf4 b5 12. Qg4 {[%emt 0:01:30][%cal Rb3e6] B86: Sicilian Scheveningen/Najdorf: 6 Bc4, without early ...b5.} h5 13. Qg3 {[%emt 0:00:00][%cal Od4e6] Nxe6! is the strong threat.} h4 14. Qg4 {[%emt 0:00:00][%cal Rb3e6] [#] The position is equal.} Nf6 $1 15. exf6 Qxd4 {[%emt 0:00:30] [#]} 16. Rd1 $146 {[%emt 0:01:30] Active counter play!} (16. fxg7 $11 Qxg7 17. Qe2) ({Predecessor:} 16. fxg7 Qxg7 17. Qe2 Be7 18. O-O-O Bb7 19. Rhg1 Rc8 20. Kb1 Qg6 21. Rge1 Nxb3 22. axb3 {½-½ (46) Nightingale,D (2493)-Hertel,P (2666) ICCF email 2006}) 16... Qxf6 $15 17. O-O Bb7 $1 (17... Nxb3 $2 18. Bg5 e5 19. Qe4 Qb6+ 20. Kh1 $18) 18. Bd6 Qh6 19. Bxf8 Rxf8 (19... Kxf8 $15 20. Rde1 (20. Qd4 Rc8 $17) 20... Re8) 20. Rfe1 Nxb3 ({Black should play} 20... h3 $11) 21. cxb3 $40 {[%emt 0:01:30][%mdl 128] White is up to no good.} (21. axb3 $14 f5 22. Qd4) 21... Rd8 $2 (21... f5 $11 22. Qd4 Rf7) 22. Rxd8+ $18 {[%emt 0:00:30][%mdl 64] Remove Defender} Kxd8 {[%emt 0:00:30] [#]} 23. Qd4+ $1 Ke7 24. Rd1 (24. Qc5+ $142 Ke8 25. Qd6) 24... Rb8 $2 (24... h3) 25. Qd6+ {[%emt 0:01:30] White is clearly winning.} Kf6 26. Rf1+ Kg6 27. Qxb8 Qe3+ 28. Kh1 Bxg2+ 29. Kxg2 h3+ 30. Kh1 e5 31. Qa8 {[%emt 0:00:00] Weighted Error Value: White=0.36/Black=0.31} 1-0

[Event "5th Baskent University Open 2022"]
[Site "Ankara"]
[Date "2022.07.06"]
[Round "7.10"]
[White "Zor, Alber Kadir"]
[Black "Citak, Selim"]
[Result "1/2-1/2"]
[ECO "B21"]
[WhiteElo "2116"]
[BlackElo "2176"]
[Annotator "TA"]
[PlyCount "89"]
[EventDate "2022.07.02"]
[EventType "swiss"]
[EventCountry "TUR"]
[SourceTitle "playchess.com"]
[Source "ChessBase"]
[SourceQuality "1"]
[TimeControl "5400+30"]

1. e4 c5 2. Nc3 Nc6 3. Bb5 g6 4. Bxc6 dxc6 5. f4 Bg7 6. Nf3 Nf6 7. O-O $1 {[%emt 0:02:30] 7.0-0 scores better than 7.d3.} O-O 8. d3 b6 {[%emt 0:06:30] B21: Sicilian: 2 f4 and Morra Gambit.} 9. a4 a5 10. h3 {[%emt 0:09:30] [#]} Nd7 $146 {[%emt 0:03:30] White is slightly better.} ({Predecessor:} 10... Ne8 11. Be3 Nc7 12. Rb1 Ne6 13. Qd2 Nd4 14. Ne2 Nxf3+ 15. Rxf3 f5 16. exf5 Bxf5 {1-0 (51) Moiseenko,V (2532)-Nechaev,O (2371) Sochi 2019}) 11. Be3 e5 {[%emt 0:03:30] [#]} (11... Nb8 $14) 12. Qd2 (12. f5 $1 $16) 12... exf4 $1 $14 13. Bxf4 Re8 14. Rae1 Ne5 15. Nxe5 Qd4+ 16. Kh1 Bxe5 17. Ne2 (17. Bxe5 {is interesting.} Rxe5 18. b3 Rh5 19. Qf4) 17... Qd6 ({Weaker is} 17... Qxb2 18. Rb1 Bxf4 19. Qxf4 $16 (19. Rxb2 $2 Bxd2 20. Rxb6 Bd7 $19)) (17... Qxa4 18. Bxe5 Rxe5 19. Qf4 $16) 18. Bxe5 Qxe5 19. Ng1 Be6 20. Nf3 Qg7 ({Less strong is} 20... Qxb2 21. Rb1 Qf6 22. Rxb6 $16) 21. b3 h6 (21... Rad8 $14) 22. Qf4 $16 Rac8 23. Nd2 Re7 (23... g5 $142 24. Qf2 Qe5) 24. e5 Bd5 25. c4 Be6 26. Ne4 Kh8 27. Re3 Rd8 28. Nd6 Kh7 29. Ref3 (29. Qe4 $18) 29... Red7 {[%emt 0:01:56] [#]} (29... Rxd6 $16 30. exd6 Rd7) 30. Qe4 (30. Qg3 $1 $18) 30... Rxd6 31. exd6 Rxd6 32. Rf6 Bf5 {[%emt 0:03:24] [#]} 33. Rxd6 Bxe4 34. dxe4 {[%emt 0:00:30][%mdl 4096] Endgame Rd7 is the strong threat. KQ-KRR} Qe5 (34... Qc3 $16) 35. Rxf7+ $18 ({Much less strong is} 35. Rxc6 $6 Kg7 $14) 35... Kg8 36. Rdf6 {[%emt 0:00:33] White is more active.} ({White has to play} 36. Rff6 $16) 36... g5 $11 {[%emt 0:00:38] The position is equal.} 37. Rf8+ Kg7 38. R8f7+ Kg8 39. Rf1 Qxe4 40. Rb7 Qe2 41. Rf3 Qe1+ 42. Kh2 Qe5+ 43. Kh1 Qe1+ 44. Kh2 Qe5+ 45. Kg1 {[%emt 0:00:44] White really could win this.  Weighted Error Value: White=0.14 (very precise) /Black=0.14 (very precise)} 1/2-1/2